 Dungeon Crawl Stone Soup version 0.28.0-45-g0d030f2227 (webtiles) character file.

Game seed: 7497240112324615073

3784 sking99 the Fighter (level 10, -3/66 HPs)
             Began as a Gargoyle Earth Elementalist on May 28, 2022.
             Was a Follower of Sif Muna.
             Slain by a skeletal warrior
             ... wielding a +0 battleaxe
              (25 damage)
             ... on level 8 of the Dungeon.
             The game lasted 00:23:47 (12076 turns).

sking99 the Fighter (Gargoyle Earth Elementalist)  Turns: 12076, Time: 00:23:48

Health: -3/66      AC: 16    Str: 14    XL:     10   Next: 16%
Magic:  2/22       EV: 11    Int: 18    God:    Sif Muna [*.....]
Gold:   326        SH:  5    Dex: 10    Spells: 8/13 levels left

rFire   . . .      SeeInvis .   o - +1 dagger (elec)
rCold   . . .      Faith    .   (no shield)
rNeg    + . .      Spirit   .   G - +0 troll leather armour
rPois   ∞          Reflect  +   w - +0 helmet
rElec   +          Harm     .   (no cloak)
rCorr   .          Rampage  .   n - +0 pair of gloves
Will    .....                   q - +1 pair of boots
Stlth   ++........              j - amulet of reflection
HPRegen 1.01/turn               C - ring of magical power
MPRegen 0.18/turn               (no ring)

@: no status effects
A: sickness immunity, AC +7, negative energy resistance 1, electricity
resistance, torment resistance 1, petrification resistance
a: Renounce Religion, Channel Magic


You were on level 8 of the Dungeon.
You worshipped Sif Muna.
Sif Muna was aware of your devotion.
You visited 2 branches of the dungeon, and saw 9 of its levels.
You also visited: Ossuary.

You collected 326 gold pieces.

Inventory:

Hand Weapons
 o - a +1 dagger of electrocution (weapon)
Missiles
 p - 96 stones
Armour
 a - the +0 kite shield of the Yeti {Str+4}
   (You acquired it on level 4 of the Dungeon)

   Str:       It affects your strength (+4).
 n - a +0 pair of gloves (worn)
 q - a +1 pair of boots (worn)
 w - a +0 helmet (worn)
 x - a +1 cloak
 G - a +0 troll leather armour (worn)
Jewellery
 b - an amulet of the acrobat
 j - an amulet of reflection (around neck)
 C - a ring of magical power (left hand)
Wands
 v - a wand of polymorph (8)
 y - a wand of paralysis (10)
 B - a wand of acid (11)
 F - a wand of iceblast (9)
Scrolls
 d - a scroll of holy word
 g - a scroll of vulnerability
 i - 6 scrolls of teleportation
 s - 4 scrolls of amnesia
 D - a scroll of identify
 E - a scroll of enchant armour {unknown}
Potions
 c - 4 potions of heal wounds
 e - 3 potions of curing
 f - a potion of berserk rage
 h - 3 potions of mutation
 k - 2 potions of lignification
 l - 3 potions of brilliance
 m - a potion of flight {unknown}
 r - 2 potions of magic
 t - 3 potions of degeneration
 u - a potion of haste {unknown}
 z - a potion of cancellation {unknown}
 A - 2 potions of attraction


   Skills:
 + Level 9.0 Fighting
 + Level 4.9 Armour
 - Level 1.6 Dodging
 - Level 2.3 Stealth
 + Level 4.9 Shields
 - Level 2.0 Spellcasting
 - Level 6.8 Conjurations
 - Level 0.9 Transmutations
 - Level 8.7 Earth Magic
 - Level 2.2 Invocations


You had 8 spell levels left.
You knew the following spells:

 Your Spells              Type           Power      Damage    Failure   Level
a - Sandblast             Erth           66%        2d15      1%          1
b - Magic Dart            Conj           100%       1d8       1%          1
c - Stone Arrow           Conj/Erth      58%        3d10      2%          3

Your spell library contained the following spells:

 Spells                   Type           Power      Damage    Failure   Level
 Passwall                 Tmut/Erth      15%        N/A       4%          2
 Wereblood                Tmut           5%         N/A       22%         2
 Mephitic Cloud           Conj/Pois/Air  10%        N/A       26%         3
 Petrify                  Tmut/Erth      19%        N/A       30%         4
 Call Imp                 Summ           1%         N/A       32%         2
 Summon Hydra             Summ           0%         N/A       100%        7
 Sublimation of Blood     Necr           Unusable   N/A       N/A         2

Dungeon Overview and Level Annotations

Branches:
Dungeon (8/15)             Temple (1/1) D:5         Ossuary (visited)
   Lair: D:8-11

Altars:
Ashenzari
Cheibriados
Dithmenos
Elyvilon
Fedhas
Gozag
Hepliaklqana
Makhleb
Nemelex Xobeh
Okawaru
Ru
Sif Muna
Uskayaw
Wu Jian
Xom
Yredelemnul
Zin

Shops:
D:7 :


Innate Abilities, Weirdness & Mutations

You are immune to sickness and miasma.
Your stone body is resilient. (AC +7)
You are immune to poison.
You resist negative energy. (rN+)
You are resistant to electric shocks. (rElec)
You are resistant to unholy torment.
You are immune to petrification.


Message History

Confirm with . or Enter, or press ? or * to list all spells.
Aiming: Stone Arrow (dangerous; 2% risk of failure)
Press: ? - help, Shift-Dir - straight line, f/p - skeletal warrior
Aim: a skeletal warrior, wielding a +0 battleaxe (lightly damaged, 71% to hit)
The stone arrow hits the skeletal warrior.
The skeletal warrior is lightly damaged.
The skeletal warrior hits you with a +0 battleaxe!!
Casting: Stone Arrow (dangerous; 2% risk of failure)
Confirm with . or Enter, or press ? or * to list all spells.
Aiming: Stone Arrow (dangerous; 2% risk of failure)
Press: ? - help, Shift-Dir - straight line, f/p - skeletal warrior
Aim: a skeletal warrior, wielding a +0 battleaxe (lightly damaged, 71% to hit)
The stone arrow hits the skeletal warrior.
The skeletal warrior is lightly damaged.
The skeletal warrior hits you but does no damage.
Casting: Stone Arrow (dangerous; 2% risk of failure)
Confirm with . or Enter, or press ? or * to list all spells.
Aiming: Stone Arrow (dangerous; 2% risk of failure)
Press: ? - help, Shift-Dir - straight line, f/p - skeletal warrior
Aim: a skeletal warrior, wielding a +0 battleaxe (lightly damaged, 71% to hit)
The stone arrow hits the skeletal warrior.
The skeletal warrior is moderately damaged.
The skeletal warrior hits you with a +0 battleaxe!
Casting: Stone Arrow (dangerous; 2% risk of failure)
Confirm with . or Enter, or press ? or * to list all spells.
Aiming: Stone Arrow (dangerous; 2% risk of failure)
Press: ? - help, Shift-Dir - straight line, f/p - skeletal warrior
Aim: a skeletal warrior, wielding a +0 battleaxe (moderately damaged, 71% to hit)
The stone arrow hits the skeletal warrior!
The skeletal warrior is heavily damaged.
The skeletal warrior hits you with a +0 battleaxe!
Casting: Stone Arrow (dangerous; 2% risk of failure)
Confirm with . or Enter, or press ? or * to list all spells.
Aiming: Stone Arrow (dangerous; 2% risk of failure)
Press: ? - help, Shift-Dir - straight line, f/p - skeletal warrior
Aim: a skeletal warrior, wielding a +0 battleaxe (heavily damaged, 71% to hit)
The stone arrow hits the skeletal warrior!!
The skeletal warrior is severely damaged.
The skeletal warrior hits you with a +0 battleaxe!!
You die...

##) #......# #..
#......# #.###
###...## #.#.##
#....# #..#.##
####..## #.###.#
#....##
#..#.####.#.####
#z###.#.z.#.#
#@.#.#z# ##.#
#.########..#
#..........##
############


You could see a skeletal warrior.

Vanquished Creatures
  Pikel (D:7)
  A troll (D:7)
  A wyvern (D:7)
  Menkaure (D:7)
  3 black bears
  A necrophage (D:5)
  An ice beast (D:7)
  4 ogres
  4 elf zombies (Ossuary)
  A kobold brigand (D:7)
  3 scorpions
  A gnoll sergeant (D:7)
  A bullfrog (D:7)
  2 water moccasin zombies
  A howler monkey (D:4)
  5 wights
  2 bullfrog zombies
  7 centaur zombies
  A jelly (D:6)
  3 hounds
  A centaur skeleton (D:5)
  An orc priest (D:6)
  A bullfrog skeleton (D:5)
  2 human zombies (Ossuary)
  Jessica (D:3)
  An iguana (D:6)
  9 orc wizards
  3 mummies (Ossuary)
  A howler monkey skeleton (D:7)
  14 adders
  An ufetubus (D:4)
  2 dart slugs
  23 orcs
  7 ball pythons
  4 bats
  5 endoplasms
  5 giant cockroaches
  9 goblins
  6 hobgoblins
  3 jackals
  3 quokkas
  4 frilled lizards
  6 kobolds
  6 rats
162 creatures vanquished.

Vanquished Creatures (others)
  14 plants (D:4)
14 creatures vanquished.

Grand Total: 176 creatures vanquished

Notes
Turn   | Place    | Note
-------+----------+-------------------------------------------
     0 | D:1      | sking99 the Gargoyle Earth Elementalist began the quest for
                  | the Orb.
     0 | D:1      | Reached XP level 1. HP: 10/10 MP: 3/3
   311 | D:1      | Reached XP level 2. HP: 15/15 MP: 3/5
   448 | D:1      | Reached skill level 1 in Fighting
   942 | D:2      | Reached XP level 3. HP: 20/20 MP: 0/6
  1157 | D:2      | Found a faded altar of an unknown god.
  1304 | D:2      | Reached skill level 2 in Fighting
  1426 | D:2      | Reached XP level 4. HP: 25/27 MP: 3/7
  1624 | D:2      | Learned a level 1 spell: Magic Dart
  1638 | D:3      | Learned a level 3 spell: Stone Arrow
  1642 | D:3      | Noticed Jessica
  2472 | D:3      | Killed Jessica
  2473 | D:3      | Reached skill level 1 in Conjurations
  2543 | D:3      | Reached skill level 3 in Fighting
  2786 | D:3      | Reached XP level 5. HP: 32/32 MP: 3/8
  3306 | D:4      | Noticed a black bear
  3315 | D:4      | Found an iron altar of Okawaru.
  3337 | D:4      | Identified a scroll of acquirement
  3337 | D:4      | Acquired the +0 kite shield of the Yeti {Str+4}
  3403 | D:4      | Found a sand-covered staircase.
  3408 | Ossuary  | Entered an ossuary
  3465 | Ossuary  | Reached skill level 5 in Earth Magic
  3488 | Ossuary  | Reached XP level 6. HP: 22/38 MP: 1/9
  3630 | Ossuary  | Reached skill level 4 in Fighting
  3850 | Ossuary  | Reached XP level 7. HP: 34/44 MP: 0/10
  4259 | Ossuary  | Reached skill level 5 in Fighting
  4769 | D:4      | Reached XP level 8. HP: 50/50 MP: 2/11
  4854 | D:4      | Reached skill level 5 in Conjurations
  5144 | D:4      | Reached skill level 6 in Fighting
  5227 | D:4      | Found a sacrificial altar of Ru.
  5396 | D:4      | Found a white marble altar of Elyvilon.
  5989 | D:5      | Entered Level 5 of the Dungeon
  7076 | D:5      | Found a staircase to the Ecumenical Temple.
  7358 | Temple   | Entered the Ecumenical Temple
  7627 | Temple   | Became a worshipper of Sif Muna the Loreminder
  8249 | D:5      | Reached skill level 7 in Fighting
  8249 | D:5      | Reached skill level 1 in Invocations
  8249 | D:5      | Reached XP level 9. HP: 57/57 MP: 4/12
  9832 | D:6      | Reached skill level 1 in Armour
  9848 | D:6      | Reached skill level 1 in Shields
 10097 | D:7      | Noticed Pikel
 10107 | D:7      | Killed Pikel
 10356 | D:7      | Noticed Menkaure
 10357 | D:7      | Found Kistos's Self-Improvement Boutique.
 10361 | D:7      | Killed Menkaure
 10362 | D:7      | Reached skill level 8 in Fighting
 10505 | D:7      | Reached * piety under Sif Muna
 11031 | D:7      | Noticed a troll
 11125 | D:7      | Reached XP level 10. HP: 65/65 MP: 5/13
 11824 | D:7      | Reached skill level 9 in Fighting
 12058 | D:8      | Noticed a skeletal warrior
 12076 | D:8      | Slain by a skeletal warrior

Illustrated notes

Levels and vault maps discovered:
D:1:      minmay_arrival_three_doors, layout_loops_ring
D:2:      layout_basic, basic_ecumenical_altar, minmay_misc_feat_encased,
          minmay_misc_feat_four_crosses
D:3:      layout_loops_cross, uniq_jessica
D:4:      layout_basic, nicolae_ru_great_annihilating_truth, okawaru_gym_becter,
          nicolae_elyvilon_temple_path, enter_ossuary_5
D:5:      minmay_angry_zag, layout_cave_pods, temple_statues,
          nicolae_fountain_basement
D:6:      layout_loops_ring
D:7:      minmay_chambers_of_fours, layout_gridville, nicolae_shop_self_help,
          uniq_pikel, uniq_menkaure
D:8:      minmay_octagon_keep, layout_cave_pools, mainiacjoe_overflow_alcove_1,
          nicolae_qazlal_style_of_elements, gammafunk_temple_overflow_wave,
          minmay_small_thing, uniq_prince_ribbit1, uniq_harold
Temple:   minmay_temple_curvy_branch

Skill      XL: |  1  2  3  4  5  6  7  8  9 10 |
---------------+-------------------------------+-----
Earth Magic    | 4 5 6 7 8 |  8.7
Fighting       | 1 2 3 4 5 7 8 9 |  9.0
Conjurations   | 1 2 3 4 6 |  6.8
Invocations    | 1 2 |  2.2
Armour         | 4 |  4.9
Shields        | 4 |  4.9
Dodging        | |  1.6
Stealth        | |  2.3
Spellcasting   | |  2.0
Transmutations | |  0.9

Action                   |  1- 3 |  4- 6 |  7- 9 | 10-12 || total
-------------------------+-------+-------+-------+-------++-------
Melee: Dagger            |       |    68 |   150 |     1 ||   219
       Punch             |       |     1 |       |       ||     1
 Cast: Sandblast         |    51 |    20 |    10 |     2 ||    83
       Magic Dart        |       |    80 |   192 |     4 ||   276
       Stone Arrow       |       |       |    59 |    30 ||    89
  Use: Scroll            |       |    12 |     8 |       ||    20
 Stab: Sleeping          |       |     1 |     1 |       ||     2
Armor: Robe              |     6 |    63 |    43 |       ||   112
       Leather armour    |       |       |    69 |     4 ||    73
       Troll leather arm |       |       |       |     4 ||     4
Dodge: Dodged            |    18 |    75 |   136 |    13 ||   242
Block: Other             |       |       |       |     1 ||     1
